 Dungeon Crawl Stone Soup version 0.30.0-3-ga4e48a9924 (webtiles) character file.

Game seed: 14000202176520972579

5 monsoonserge the Vexing (level 2, 23/23 HPs)
             Began as a Meteoran Hexslinger on May 7, 2023.
             Quit the game on level 1 of the Dungeon.
             The game lasted 00:01:37 (250 turns).

monsoonserge the Vexing (Meteoran Hexslinger)        Turns: 250, Time: 00:01:37

Health: 23/23      AC:  2    Str: 11    XL:     2   Next: 5%
Magic:  5/5        EV: 12    Int: 14    God:
Gold:   9          SH:  0    Dex: 14    Spells: 3/4 levels left

rFire   . . .        a - +1 sling
rCold   . . .        (no shield)
rNeg    . . .        c - +0 robe
rPois   .            (no helmet)
rElec   .            (no cloak)
rCorr   .            (no gloves)
SInv    .            (no boots)
Will    .....        (no amulet)
Stlth   +            (no ring)
HPRegen 0.23/turn    (no ring)
MPRegen 0.09/turn

%: no passive effects
@: glowing
A: sense surroundings 1, otherworldly, glowing, explore regen
a: no special abilities


You were on level 1 of the Dungeon.
You visited 1 branch of the dungeon, and saw 1 of its levels.

You collected 9 gold pieces.

Inventory:

Hand Weapons
 a - a +1 sling (weapon)
Armour
 c - a +0 robe (worn)
Jewellery
 d - a ring of ice
Scrolls
 b - a scroll of poison


   Skills:
 + Level 1.1 Fighting
 + Level 2.3 Ranged Weapons
 + Level 2.5 Dodging
 + Level 1.9 Spellcasting
 + Level 3.6 Hexes


You had 3 spell levels left.
You knew the following spells:

 Your Spells              Type           Power      Damage    Failure   Level
a - Slow                  Hex            44%        N/A       5%          1

Your spell library contained the following spells:

 Spells                   Type           Power      Damage    Failure   Level
 Inner Flame              Hex/Fire       6%         N/A       34%         3
 Portal Projectile        Hex/Tloc       12%        N/A       34%         3
 Cause Fear               Hex            5%         N/A       47%         4


Dungeon Overview and Level Annotations

Branches:
Dungeon (1/15) Zot: 344

Altars:


Innate Abilities, Weirdness & Mutations

You passively map a small area around you.
You are easily found by Zot.
You glow in the dark.
You regain HP and MP as you explore.


Message History

Fire: a) +1 sling
Press: ? - help, Q - select action, (/) - cycle Shift-Dir - straight line, f/p - jackal
Aim: a jackal (slow, 50% to hit)
You shoot a sling bullet.
The sling bullet closely misses the jackal.
The jackal bites you but does no damage.
The jackal is no longer moving slowly.
Fire: a) +1 sling
Press: ? - help, Q - select action, (/) - cycle Shift-Dir - straight line, f/p - jackal
Aim: a jackal (50% to hit)
You shoot a sling bullet.
The sling bullet closely misses the jackal.
Fire: a) +1 sling
Press: ? - help, Q - select action, (/) - cycle Shift-Dir - straight line, f/p - jackal
Aim: a jackal (50% to hit)
You shoot a sling bullet.
The sling bullet barely misses the jackal.
The jackal closely misses you. The jackal bites you.
Fire: a) +1 sling
Press: ? - help, Q - select action, (/) - cycle Shift-Dir - straight line, f/p - jackal
Aim: a jackal (50% to hit)
You shoot a sling bullet.
The sling bullet completely misses the jackal.
The jackal bites you but does no damage.
The jackal closely misses you.
Fire: a) +1 sling
Press: ? - help, Q - select action, (/) - cycle Shift-Dir - straight line, f/p - jackal
Aim: a jackal (50% to hit)
You shoot a sling bullet. The sling bullet hits the jackal.
The jackal is moderately wounded.
The jackal barely misses you. The jackal bites you.
Fire: a) +1 sling
Press: ? - help, Q - select action, (/) - cycle Shift-Dir - straight line, f/p - jackal
Aim: a jackal (moderately wounded, 50% to hit)
You shoot a sling bullet. The sling bullet hits the jackal.
You kill the jackal!
You have reached level 2!
You now have 9 gold pieces.
There are no items here.
Are you sure you want to abandon this character and quit the game? (Confirm with "yes".)

#####8..8..8...#.##.#
*
#...'.........<#.##.#
** *
..###8..8..8...#....#
,
#.#.#..........#.####
* #.#.#######.#8.#.#
, *
#.#.#####.######.#*,
#.........# #..# ,# ,
..#..####.# #..##.#,
..#..## #.#
###.@†..### #.#...#
#.# #...>....... ,,
#.#...# #.#
#.##.####### *
#.#...# #.#
#.##.###### #.#...#
#.# #.#.......#
#.#..## #.#
#.#.......# #.#..#
#.# #.#.......#
#.#### #.#
#.........# #.# #.#
###.......#


There were no monsters in sight!

Vanquished Creatures
  2 ball pythons (D:1)
  2 jackals (D:1)
  A bat (D:1)
5 creatures vanquished.

Notes
Turn   | Place    | Note
-------+----------+-------------------------------------------
     0 | D:1      | monsoonserge the Meteoran Hexslinger began the quest for
                  | the Orb.
     0 | D:1      | Reached XP level 1. HP: 16/16 MP: 3/3
   234 | D:1      | Reached XP level 2. HP: 22/23 MP: 5/5
   250 | D:1      | Quit the game

Illustrated notes

Levels and vault maps discovered:
D:1:      elethiomel_arrival_quiet, layout_basic

Action                     || total
---------------------------++-------
   Fire: Sling             ||    18
   Cast: Slow              ||     2
 Armour: Robe              ||     4
  Dodge: Dodged            ||    14
